 Dungeon Crawl Stone Soup version 0.19.1 (webtiles) character file.

883648 dvd the Minotaur Barricade (level 27, -12/273 HPs)
             Began as a Minotaur Fighter on Dec 7, 2016.
             Was a High Priest of the Shining One.
             Mangled by Ziuwnije the pandemonium lord (34 damage)
             ... on level 13 of a ziggurat on Dec 9, 2016.
             The game lasted 06:42:19 (65776 turns).

dvd the Minotaur Barricade (Minotaur Fighter)      Turns: 65776, Time: 06:42:20

Health: -12/273    AC: 42    Str: 38    XL:     27
Magic:  23/37      EV: 18    Int: 11    God:    the Shining One [*****.]
Gold:   11953      SH: 38    Dex: 20    Spells: 5 memorised, 15 levels left

rFire  + . .     SeeInvis +     a - +9 broad axe (holy)
rCold  + + .     Gourm    .     p - +10 plate armour of the Thirteen Eyes {rC++ Stlth-}
rNeg   + + .     Faith    .     R - +8 large shield {reflect}
rPois  +         Spirit   .     Y - +1 hat
rElec  .         Reflect  +     D - +0 cloak of Lugonu's Whim {rPois Str+4 Dex+3}
rCorr  .         Harm     .     N - +2 pair of gloves
MR     +++..     Clarity  +     Q - +2 pair of boots {run}
Stlth  +.........               U - amulet of regeneration
                                G - ring of the Octopus King {rF+ AC+1 EV+1 Str+1 Int+1 Dex+1}
                                F - ring "Hull" {MR+ Int+5 SInv Stlth+}

@: mighty, glowing, studying 2 skills, quick
A: retaliatory headbutt, horns 2, slimy green scales 1, clarity, clumsy 1,
deformed body, shaggy fur 1, strong 1
a: Divine Shield, Cleansing Flame, Summon Divine Warrior, Renounce Religion
}: 8/15 runes: decaying, slimy, silver, iron, obsidian, icy, bone, gossamer


You were on level 13 of a ziggurat.
You worshipped the Shining One.
The Shining One was extremely pleased with you.
You were near starving.

You visited 16 branches of the dungeon, and saw 81 of its levels.
You visited 1 ziggurat, and saw 13 of its levels.
You also visited: Ice Cave and Wizlab.

You collected 13547 gold pieces.
You spent 1594 gold pieces at shops.

Inventory:

Hand Weapons
 a - a +9 broad axe of holy wrath (weapon)
 b - a +2 broad axe of electrocution
 H - the +2 mace of Ruatut {crush, rElec rN+ Str+4}
   (You found it on level 5 of the Pits of Slime)

   It inflicts extra damage upon your enemies.
   It affects your strength (+4).
   It insulates you from electricity.
   It protects you from negative energy.
 I - a +7 broad axe of flaming
 P - a +2 antimagic broad axe
Armour
 c - the +4 chain mail of the Voivode {rPois rCorr Str+3}
   (You bought it in a shop on level 2 of the Orcish Mines)

   It affects your strength (+3).
   It protects you from poison.
   It protects you from acid and corrosion.
 g - a +0 pair of boots of flying
 p - the +10 plate armour of the Thirteen Eyes (worn) {rC++ Stlth-}
   (You found it on level 4 of the Vaults)

   It greatly protects you from cold.
   It makes you less stealthy.
 u - the +2 cloak "Itepe" {+Inv +Fly rF+}
   (You acquired it on level 1 of the Spider Nest)

   It protects you from fire.
   It lets you turn invisible.
   It lets you fly.
 D - the +0 cloak of Lugonu's Whim (worn) {rPois Str+4 Dex+3}
   (You acquired it on level 8 of the Dungeon)

   It affects your strength (+4).
   It affects your dexterity (+3).
   It protects you from poison.
 N - a +2 pair of gloves (worn)
 Q - a +2 pair of boots of running (worn)
 R - a +8 large shield of reflection (worn)
 S - the +8 orange crystal plate armour {Archmagi, Int+3 Clar}
   (You found it on level 12 of a ziggurat)

   It affects your intelligence (+3).
   It protects you against confusion.
 W - the +4 chain mail of Oblivion {MR+++ Dex+3 Stlth-}
   (You found it on level 4 of a ziggurat)

   It affects your dexterity (+3).
   It affects your resistance to hostile enchantments.
   It makes you less stealthy.
 Y - a +1 hat (worn)
Rods
 e - a +2 lightning rod (11/11)
   (You took it off a skeletal warrior on level 7 of Cocytus)
Jewellery
 v - the ring of Punil {rN+ Int+5 Dex+4}
   (You found it on level 5 of the Pits of Slime)

   [ring of intelligence]

   It affects your intelligence (+5).
   It affects your dexterity (+4).
   It protects you from negative energy.
 F - the ring "Hull" (left hand) {MR+ Int+5 SInv Stlth+}
   (You found it on level 3 of the Elven Halls)

   [ring of stealth]

   It affects your intelligence (+5).
   It affects your resistance to hostile enchantments.
   It lets you see invisible.
   It makes you more stealthy.
 G - a ring of the Octopus King (right hand) {rF+ AC+1 EV+1 Str+1 Int+1 Dex+1}
   (You took it off an ironbrand convoker on level 4 of the Vaults)

   [ring of protection from fire]

   It affects your AC (+1).
   It affects your evasion (+1).
   It affects your strength (+1).
   It affects your intelligence (+1).
   It affects your dexterity (+1).
   It protects you from fire.
 U - an amulet of regeneration (around neck)
Wands
 h - a wand of acid (10/15)
 q - a wand of iceblast (12/15)
 y - a wand of teleportation (7/9)
 J - a wand of lightning (11/15)
 L - a wand of digging (10/24)
Scrolls
 d - 6 scrolls of fear
 i - 12 scrolls of fog
 k - 17 scrolls of identify
 l - 20 scrolls of remove curse
 m - 18 scrolls of teleportation
 x - 6 scrolls of magic mapping
 K - 3 scrolls of silence
 O - 4 scrolls of recharging
 Z - 3 scrolls of blinking
Potions
 j - 6 potions of curing
 n - 5 potions of ambrosia
 o - 3 potions of magic
 r - a potion of might
 t - a potion of resistance
 z - 7 potions of haste
 A - 7 potions of agility
 E - a potion of flight
 M - 4 potions of cure mutation
 T - 3 potions of brilliance
Books
 C - a manual of Polearms
 V - a manual of Throwing
Comestibles
 f - 38 bread rations
 s - 17 fruits
 w - 12 meat rations
 X - 3 royal jellies


   Skills:
 O Level 27 Fighting
 O Level 27 Axes
 + Level 9.9(20.4) Maces & Flails
 + Level 1.0(18.7) Polearms
 + Level 4.5 Throwing
 O Level 27 Armour
 + Level 9.9 Dodging
 + Level 11.1 Stealth
 O Level 27 Shields
 + Level 2.1 Spellcasting
 + Level 2.0 Charms
 + Level 2.1 Translocations
 + Level 2.2 Air Magic
 + Level 23.9 Invocations
 + Level 2.8 Evocations


You had 15 spell levels left.
You knew the following spells:

 Your Spells              Type           Power        Failure   Level  Hunger
a - Airstrike             Air            #.........   100%        4    #####..
b - Deflect Missiles      Chrm/Air       #.........   100%        6    #######
c - Repel Missiles        Chrm/Air       #.....       41%         2    ###....
d - Blink                 Tloc           N/A          41%         2    ###....
e - Infusion              Chrm           #...         28%         1    ##.....


Dungeon Overview and Level Annotations

Branches:
Dungeon (15/15)            Temple (1/1) D:5            Lair (6/6) D:8
  Swamp (4/4) Lair:4       Spider (4/4) Lair:2        Slime (5/5) Lair:5
    Orc (2/2) D:11            Elf (3/3) Orc:2        Vaults (5/5) D:14
  Crypt (3/3) Vaults:2       Tomb (0/3) Crypt:3      Depths (5/5) D:15
   Hell (1/1)                 Dis (7/7) Hell            Geh (7/7) Hell
    Coc (7/7) Hell            Tar (7/7) Hell            Zot (0/5) Depths:5

Altars:
Ashenzari
Cheibriados
Dithmenos
Elyvilon
Fedhas
Gozag
Hepliaklqana
Kikubaaqudgha
Makhleb
Nemelex Xobeh
Okawaru
Qazlal
Ru
Sif Muna
Trog
Uskayaw
Vehumet
Xom
Yredelemnul
Zin
The Shining One
Beogh

Shops:
D:7 %   D:10 !   D:13 (   Orc:2 ([*!   Elf:2 !   Vaults:2 (

Portals:
Hell: Lair:6 Depths:1 Depths:2 Depths:3 Depths:4 Depths:5
Abyss: Depths:2 Depths:4
Pandemonium: Depths:3

Annotations:
Depths:3 exclusion: orange crystal statue


Innate Abilities, Weirdness & Mutations

You reflexively headbutt those who attack you in melee.
You have a pair of horns on your head.
You are partially covered in slimy green scales. (AC +2)
You possess an exceptional clarity of mind.
You are clumsy. (Dex -2)
Armour fits poorly on your strangely shaped body.
You are covered in fur. (AC +1)
Your muscles are strong. (Str +2)


Message History

The quicksilver dragon writhes in agony!
The quicksilver dragon is moderately wounded.
The golden flame engulfs Jiozxi Havi.
Jiozxi Havi appears unharmed.
Jiozxi Havi is severely wounded.
The golden flame engulfs the golden eye.
The golden eye writhes in agony!
You kill the golden eye!
The golden flame engulfs the eldritch tentacle.
The eldritch tentacle writhes in agony!
The eldritch tentacle is lightly damaged.
You are near starving!
You block Jiozxi Havi's attack. You block Ziuwnije's attack.
You block the quicksilver dragon's attack.
The quicksilver dragon barely misses you.
You block the eldritch tentacle's attack. x2
You slash Jiozxi Havi!
Jiozxi Havi convulses.
Jiozxi Havi is severely wounded.
You slash the eldritch tentacle! You slash the quicksilver dragon!
You hit Ziuwnije.
Ziuwnije convulses.
Ziuwnije hits you!!
You die...

...p........▓▓
▓▓.................▓▓
▓...................▓
▓▓...................▓
▓.....................
▓.....................
▓...........#..D..|!$?
▓▓......§§##§#§@&†.:|∩[
▓..∩....§§§§§§w.&†.:)>)
▓▓......§§§#§##│...|)∩?
▓......§§§#§..│...![["
▓......§§§.§§/........
▓.........§.*.........
▓▓...................▓
▓...................▓
▓▓.................▓


You could see Jiozxi Havi, Ziuwnije, a Killer Klown, an eldritch tentacle and a
quicksilver dragon shaped shifter.

Vanquished Creatures
  Antaeus (Coc:7)
  Asmodeus (Geh:7)
  the Royal Jelly (Slime:5)
  Dispater (Dis:7)
  Mennas (Depths:3)
  3 pandemonium lords (Zig:13)
  3 ancient liches
  A greater mummy (Zig:7)
  8 shard shrikes
  Margery (Depths:5)
  Geryon (Hell)
  2 profane servitors
  13 bone dragons
  14 Tzitzimimeh
  22 Brimstone Fiends
  Jorgrun (Depths:5)
  2 doom hounds (Tar:2)
  9 liches
  A Cloud Mage (WizLab)
  6 iron giants
  8 Hell Sentinels
  15 Ice Fiends
  A deep elf master archer (Elf:3)
  3 tentacled monstrosities
  The ghost of Uhlv the Impaler, an adept MfFi of Okawaru (Depths:1)
  12 acid blobs
  A deep elf blademaster (Elf:3)
  3 quicksilver dragons (Dis:7)
  3 eldritch tentacles
  4 sphinxes
  5 tengu reavers
  A shadow dragon (shapeshifter) (Zig:13)
  5 shadow dragons
  6 ancient champions
  2 storm dragons (Depths:5)
  3 thorn hunters
  2 revenants
  6 azure jellies
  A nagaraja (Zig:8)
  10 fire giants
  A draconian monk (Depths:5)
  6 frost giants
  5 deep elf sorcerers
  3 orc warlords
  A daeva (Depths:1)
  2 cacodemons (Dis:7)
  4 vault wardens
  11 balrugs
  2 draconian scorchers
  4 emperor scorpions
  3 iron dragons (Dis:7)
  2 ghost moths
  5 deep elf elementalists
  2 curse skulls
  A draconian annihilator (Depths:5)
  16 ghouls
  16 very ugly things
  A blood saint (Zig:8)
  A caustic shrike zombie (Depths:4)
  5 elemental wellsprings
  14 ironheart preservers
  53 reapers
  27 war gargoyles
  3 entropy weavers
  16 stone giants
  2 spriggan defenders
  5 deep elf annihilators
  4 deep elf demonologists
  11 vampire knights
  A lorocyproca (Dis:7)
  A red draconian (Depths:5)
  The ghost of Ladykiller69 the Fencer, a journeyman MiAK of Lugonu (Lair:5)
  A mottled draconian (Depths:5)
  3 yellow draconians (Depths:5)
  2 spark wasps
  3 eidola
  4 deep elf death magi
  2 crystal guardians (Depths:3)
  2 green deaths
  A death ooze (Slime:5)
  9 quicksilver dragon zombies
  7 deep elf high priests
  A merfolk javelineer (Depths:1)
  3 fire dragons
  2 spectral krakens (Tar:7)
  16 blizzard demons
  7 ettins
  18 yaktaur captains
  Snorg (D:10)
  A jiangshi (Crypt:2)
  4 mummy priests (Zig:7)
  5 great orbs of eyes
  A great orb of eyes (shapeshifter) (Vaults:5)
  7 quicksilver dragon skeletons
  A kraken zombie (Coc:2)
  A rakshasa (Depths:3)
  20 vault guards
  22 ice dragons
  5 spriggan air magi
  2 hell beasts
  3 death knights
  4 ghost crabs
  9 hydras
  6 alligators
  3 centaur warriors
  A hell hog (shapeshifter) (Depths:2)
  16 dancing weapons
  3 deep troll shamans
  A queen ant (Lair:4)
  3 tengu warriors
  4 death yaks (Lair:3)
  2 death scarabs (Spider:4)
  30 hell hogs
  2 deep troll earth magi
  2 vampire magi
  7 ogre magi
  A spriggan berserker (Swamp:4)
  An orc high priest (Orc:2)
  6 titan zombies
  4 large abominations
  4 spriggans
  5 titan skeletons
  13 iron golems
  19 soul eaters
  11 deep elf knights
  6 storm dragon zombies
  13 sun demons
  45 hell knights
  7 iron trolls
  7 shadow wraiths
  2 glowing orange brains
  4 storm dragon skeletons
  5 unseen horrors
  16 deep trolls
  83 skeletal warriors
  5 golden dragon zombies
  19 flayed ghosts
  A death drake (Tar:7)
  6 swamp dragons
  5 ghost moth zombies
  5 hill giants
  A deep troll (shapeshifter) (Vaults:5)
  2 starcursed masses (Zig:1)
  8 anaconda zombies
  4 shambling mangroves
  19 shadow demons
  A spectral hydra (Depths:4)
  2 shadow dragon zombies
  6 wizards
  4 anaconda skeletons
  2 orange crystal statues (Depths:4)
  12 necromancers
  4 deep elf archers
  A lindwurm (shapeshifter) (Vaults:5)
  20 phantasmal warriors
  2 spectral anacondas (Depths:4)
  2 golden dragon skeletons
  2 kraken simulacra (Coc:7)
  2 orb spiders
  3 iron dragon zombies
  A spectral wolf spider (Spider:4)
  13 ironbrand convokers
  5 orc knights
  3 stone giant zombies
  A manticore (D:14)
  A harpy (Zig:11)
  2 mana vipers (Depths:4)
  13 wolf spiders
  3 shadow dragon skeletons
  8 frost giant zombies
  26 ugly things
  5 fire giant zombies
  20 deep elf magi
  5 shining eyes
  4 tengu skeletons
  A cyclops (Vaults:2)
  A shock serpent zombie (Geh:7)
  3 orc sorcerers
  6 frost giant skeletons
  33 rust devils
  A moth of wrath (Spider:4)
  2 iron dragon skeletons
  9 molten gargoyles
  4 titan simulacra (Coc:7)
  6 dire elephant zombies
  3 ice statues
  12 vault sentinels
  An apocalypse crab (Zig:13)
  7 smoke demons
  2 eyes of devastation
  8 stone giant skeletons
  A spriggan zombie (Zig:7)
  4 black mambas
  4 gargoyles
  4 fire giant skeletons
  23 hellions
  A shock serpent skeleton (Geh:3)
  7 storm dragon simulacra
  2 rime drakes (Lair:6)
  16 spiny frogs
  2 centaur skeletons
  16 spectral swamp worms (Tar:7)
  A death yak zombie (Crypt:3)
  32 yaktaurs
  7 efreet
  2 dire elephant skeletons
  4 komodo dragons
  29 freezing wraiths
  A catoblepas skeleton (Coc:7)
  28 ice devils
  3 spectral merfolk (Depths:4)
  A catoblepas zombie (Geh:3)
  5 demonic crawlers
  15 hydra zombies
  A black draconian skeleton (Geh:4)
  2 emperor scorpion zombies
  29 tormentors
  9 anaconda simulacra
  A guardian mummy (Zig:7)
  28 red devils
  A merfolk (shapeshifter) (Zig:11)
  A ghoul skeleton (Coc:4)
  2 queen bees (shapeshifter)
  2 silent spectres (Tar:7)
  3 tyrant leeches
  A jumping spider (shapeshifter) (Vaults:4)
  3 tengu conjurers
  A green draconian skeleton (Crypt:3)
  3 meliai (D:13)
  2 polar bears (Lair:5)
  19 jumping spiders
  A shadow dragon simulacrum (Coc:2)
  6 wind drakes (WizLab)
  5 harpy skeletons
  A harpy zombie (Geh:3)
  5 trolls
  26 slime creatures
  6 fire dragon zombies
  A minotaur skeleton (Geh:7)
  10 two-headed ogres
  A dream sheep (shapeshifter) (Zig:11)
  A slime creature (shapeshifter) (Zig:5)
  6 ettin zombies
  13 hornets
  5 ice dragon zombies
  3 hydra skeletons
  9 bog bodies
  A spectral jumping spider (Spider:4)
  6 hippogriffs
  9 dream sheep
  6 blink frogs
  5 alligator zombies
  An iron dragon simulacrum (Crypt:1)
  2 stone giant simulacra
  A black mamba zombie (Tar:7)
  2 raiju (Depths:4)
  33 air elementals
  An ice dragon skeleton (Geh:2)
  32 shadows
  A spriggan skeleton (Depths:1)
  14 water elementals
  85 flying skulls
  14 tarantellas
  A dire elephant simulacrum (IceCv)
  A hog (shapeshifter) (Vaults:4)
  A human (D:10)
  3 alligator skeletons
  41 redbacks
  A deep troll skeleton (Zig:3)
  A tarantella (shapeshifter) (Vaults:1)
  4 wyverns
  A fire dragon skeleton (Coc:7)
  32 wraiths
  49 yaks
  38 fire elementals
  2 black mamba skeletons
  2 golden eyes (shapeshifter)
  4 hogs (D:10)
  A basilisk (shapeshifter) (Zig:13)
  A basilisk (D:15)
  5 ettin skeletons
  4 vampires
  3 fire bats (D:11)
  3 chaos spawn (Zig:13)
  4 hungry ghosts
  12 vampire mosquitoes
  A steam dragon (D:11)
  2 harpy simulacra (IceCv)
  7 swamp worms
  9 wargs
  A death yak simulacrum (IceCv)
  A torturous demonspawn zombie (Coc:7)
  2 iron troll simulacra (IceCv)
  A spatial vortex (Geh:7)
  12 insubstantial wisps
  A mottled dragon (shapeshifter) (Elf:3)
  A human simulacrum (Vaults:5)
  A mottled dragon (Vaults:1)
  9 spiny frog zombies
  11 soldier ants (Lair:4)
  9 water moccasins
  3 hydra simulacra
  A hell hound (shapeshifter) (Vaults:5)
  2 spectral spriggans (Depths:4)
  11 porcupines
  60 hell hounds
  2 sky beasts
  28 orc warriors
  8 swamp drakes
  4 eyes of draining
  5 spiny frog skeletons
  A swamp dragon zombie (Geh:3)
  A hornet zombie (Spider:4)
  A lindwurm zombie (Crypt:2)
  3 alligator simulacra
  2 ettin simulacra
  A manticore zombie (Tar:7)
  21 necrophages
  5 snapping turtle zombies
  10 ice beasts
  An eye of draining (shapeshifter) (Elf:3)
  27 ogres
  3 phantoms
  A boggart (Vaults:1)
  7 wolves
  A swamp dragon skeleton (Coc:6)
  12 centaurs
  12 crocodiles
  4 snapping turtle skeletons
  A big kobold (shapeshifter) (Vaults:4)
  A big kobold (D:11)
  2 yaktaur zombies
  2 elf zombies (Elf:1)
  A wyvern zombie (D:15)
  15 bullfrogs
  An elf skeleton (Crypt:3)
  3 earth elementals
  A spiny frog simulacrum (Coc:3)
  A yaktaur skeleton (Vaults:3)
  5 scorpions
  7 killer bees
  A troll zombie (Hell)
  A spectral ogre (Depths:4)
  A swamp dragon simulacrum (IceCv)
  2 elf simulacra
  2 polar bear zombies
  64 wights
  4 electric eels
  3 howler monkeys
  3 spectral centaurs (Depths:4)
  5 centaur zombies
  13 crimson imps
  2 draconian simulacra (IceCv)
  A quasit (D:9)
  2 bullfrog zombies
  4 hounds
  14 orc priests
  5 jellies
  30 orc wizards
  3 bullfrog skeletons
  15 iron imps
  4 iguanas
  Ijyb (D:3)
  A human skeleton (Crypt:1)
  A lightning spire (Zig:8)
  A polar bear simulacrum (IceCv)
  20 worker ants
  A porcupine zombie (Crypt:1)
  3 wolf simulacra (IceCv)
  A mottled dragon zombie (Crypt:3)
  3 tengu zombies
  An ogre zombie (Crypt:3)
  2 centaur simulacra (IceCv)
  A hound zombie (D:5)
  11 mummies
  A worker ant zombie (D:4)
  15 adders
  14 gnolls
  A naga simulacrum (IceCv)
  6 ogre simulacra (IceCv)
  2 river rats (D:8)
  8 shadow imps
  19 white imps
  2 oozes (D:1)
  7 ufetubi (IceCv)
  An iguana zombie (Crypt:1)
  4 worms
  3 dart slugs
  9 leopard geckos
  96 orcs
  8 bats
  A bat zombie (D:8)
  3 giant cockroaches
  7 goblins
  7 hobgoblins
  16 jackals
  7 kobolds
  5 quokkas
  4 frilled lizards
  A kobold zombie (Dis:6)
  A leopard gecko skeleton (D:5)
  An orc skeleton (Tar:7)
  2 orc zombies (Geh:7)
  A quokka skeleton (D:4)
  9 rats
  2 rat zombies (D:8)
  7 briar patches
  A crawling corpse (Elf:3)
  2 fungi
  3 plants
  6 tentacles
2954 creatures vanquished.

Vanquished Creatures (collateral kills)
  Dissolution (Slime:4)
  Ereshkigal (Tar:7)
  the Serpent of Hell (Dis:7)
  A juggernaut (Depths:1)
  The ghost of KarmaPolice the Slingshot, a legendary HaHu of Okawaru (Vaults:5)
  A pandemonium lord (Zig:13)
  A golden dragon (Vaults:5)
  Nikola (Vaults:2)
  A profane servitor (Crypt:3)
  A Tzitzimitl (Tar:7)
  An iron giant (Dis:7)
  3 tentacled monstrosities
  2 liches
  4 titans
  9 Ice Fiends
  A deep elf blademaster (Elf:3)
  A deep elf master archer (Elf:3)
  14 acid blobs
  Frances (Spider:1)
  A quicksilver dragon (Depths:3)
  2 sphinxes
  An eldritch tentacle (Coc:5)
  Agnes (D:14)
  4 ancient champions
  3 thorn hunters
  Donald (Vaults:1)
  A storm dragon (Vaults:5)
  6 tengu reavers
  4 shadow dragons
  7 azure jellies
  3 revenants
  6 fire giants
  3 iron dragons (Vaults:5)
  12 frost giants
  Aizul (Swamp:1)
  4 emperor scorpions (Spider:4)
  6 deep elf sorcerers
  6 vault wardens
  2 angels (Depths:1)
  A curse skull (Crypt:3)
  2 ghost moths (Spider:4)
  2 orc warlords
  9 ironheart preservers
  A spriggan defender (Depths:3)
  A juggernaut skeleton (Zig:12)
  A deep elf elementalist (Elf:3)
  6 stone giants
  4 ghouls (Crypt:2)
  5 very ugly things
  An elemental wellspring (Coc:3)
  5 reapers
  4 entropy weavers
  4 war gargoyles
  2 deep elf demonologists
  4 vampire knights
  A black draconian (Depths:5)
  7 deep elf annihilators
  4 spark wasps
  2 eidola (Depths:4)
  4 blizzard demons
  4 ettins
  8 deep elf death magi
  A mummy priest (Zig:7)
  A quicksilver dragon zombie (Coc:5)
  3 deep elf high priests
  4 death oozes (Slime:5)
  2 great orbs of eyes
  9 jiangshi
  9 yaktaur captains
  A fire dragon (Depths:1)
  2 hell beasts
  19 hydras
  An ice dragon (shapeshifter) (Vaults:5)
  3 rakshasas
  7 ice dragons
  21 vault guards
  3 spriggan air magi
  6 ghost crabs
  16 dancing weapons
  3 death knights
  6 tengu warriors
  A death yak (Lair:3)
  7 alligators
  2 deep troll shamans
  6 death scarabs (Spider:4)
  8 ogre magi
  4 centaur warriors
  An orc high priest (Orc:2)
  9 vampire magi
  A spriggan berserker (Depths:5)
  8 spriggans
  2 storm dragon zombies
  12 deep elf knights
  A sun demon (Dis:7)
  3 iron golems
  An iron troll (shapeshifter) (Zig:13)
  3 soul eaters
  2 golden dragon zombies
  4 shadow wraiths
  17 skeletal warriors
  2 spark wasp zombies
  6 small abominations
  Nergalle (D:11)
  2 sixfirhies
  2 storm dragon skeletons (Coc:3)
  A titan skeleton (Vaults:4)
  5 iron trolls
  4 anaconda zombies
  4 unseen horrors
  A glowing orange brain (Slime:5)
  A death drake (Depths:4)
  An unseen horror (shapeshifter) (Vaults:2)
  A flayed ghost (Vaults:5)
  2 spriggan druids
  A wizard (D:15)
  4 hell knights
  13 deep trolls
  4 deep elf archers
  A glowing orange brain (shapeshifter) (Vaults:5)
  2 wolf spider zombies
  5 shambling mangroves
  8 orc knights
  A harpy (shapeshifter) (Depths:3)
  9 phantasmal warriors
  A golden dragon skeleton (Geh:7)
  9 swamp dragons
  9 ironbrand convokers
  A hill giant (D:14)
  3 stone giant zombies
  5 necromancers
  4 spectral wolf spiders (Spider:4)
  An anaconda skeleton (Coc:5)
  28 deep elf magi
  20 wolf spiders
  2 manticores
  A cyclops (Vaults:2)
  An orc sorcerer (Orc:1)
  A mana viper (Depths:4)
  A cyclops (shapeshifter) (Vaults:1)
  24 ugly things
  10 orb spiders
  A shining eye (Slime:4)
  A fire giant zombie (Coc:5)
  A salamander (shapeshifter) (Depths:3)
  An orb spider (shapeshifter) (Vaults:1)
  A frost giant skeleton (Vaults:4)
  An iron dragon skeleton (Coc:5)
  3 black mambas
  3 moths of wrath (Spider:4)
  5 rust devils
  A fire giant skeleton (Coc:3)
  A titan simulacrum (Coc:7)
  A torpor snail (Spider:1)
  3 orange demons (Lair:6)
  A water nymph (shapeshifter) (Vaults:3)
  A naga mage (Zig:8)
  4 eyes of devastation
  11 vault sentinels
  12 spiny frogs
  2 yaktaur zombies
  2 centaur skeletons
  2 human zombies
  15 freezing wraiths
  3 hellions
  A rime drake (Lair:3)
  2 spectral redbacks (Spider:4)
  2 komodo dragons (Lair:6)
  A yellow draconian skeleton (Crypt:2)
  18 demonic crawlers
  3 redback zombies
  2 tormentors (Coc:4)
  2 tengu conjurers
  32 yaktaurs
  3 anaconda simulacra
  A hellwing (Lair:6)
  A harpy zombie (D:15)
  6 red devils
  4 trolls
  12 ice devils
  A spectral merfolk (Depths:4)
  A hydra zombie (Coc:4)
  5 spectral jumping spiders (Spider:4)
  19 jumping spiders
  A shadow dragon simulacrum (Vaults:5)
  A tengu simulacrum (Vaults:3)
  An iron troll skeleton (Crypt:2)
  16 bog bodies
  A wind drake (WizLab)
  A harpy skeleton (Coc:1)
  A jumping spider (shapeshifter) (Vaults:4)
  23 hornets
  A jumping spider zombie (Spider:4)
  51 slime creatures
  10 two-headed ogres
  2 polar bears (shapeshifter)
  8 tyrant leeches
  3 alligator zombies
  4 blink frogs
  A satyr zombie (Crypt:3)
  A tarantella zombie (Spider:4)
  4 dream sheep
  24 flying skulls
  2 hippogriffs
  11 air elementals
  A deep troll zombie (Depths:1)
  2 alligator skeletons
  61 redbacks
  7 water elementals
  A redback (shapeshifter) (Vaults:3)
  8 yaks
  5 shadows
  3 vampires
  23 tarantellas
  A wyvern (Lair:5)
  4 wraiths
  An ettin skeleton (Coc:5)
  A dire elephant simulacrum (IceCv)
  2 fire dragon skeletons (Coc:5)
  2 fire elementals
  A golden eye (Slime:5)
  A hog (shapeshifter) (Vaults:4)
  A fire bat (D:11)
  A hill giant skeleton (Crypt:3)
  18 vampire mosquitoes
  An emperor scorpion simulacrum (Crypt:1)
  4 hungry ghosts
  2 iron troll simulacra (IceCv)
  A harpy simulacrum (IceCv)
  14 swamp worms
  5 insubstantial wisps
  Edmund (D:6)
  10 soldier ants
  A large abomination (Elf:1)
  A hydra simulacrum (Coc:7)
  A spectral spriggan (Depths:4)
  2 faun skeletons
  2 hell hounds
  9 water moccasins
  A spectral hornet (Spider:4)
  A spiny frog zombie (Hell)
  A floating eye (Depths:4)
  A spectral troll (Depths:4)
  A human skeleton (Depths:4)
  A porcupine (Lair:3)
  12 swamp drakes
  A black bear (D:11)
  19 orc warriors
  A sky beast (D:12)
  An ettin simulacrum (IceCv)
  7 ice beasts
  An ice dragon simulacrum (Crypt:1)
  2 necrophages (Crypt:2)
  A phantom (D:9)
  An eye of draining (Slime:1)
  6 boggarts
  3 snapping turtle zombies
  18 ogres
  6 wolves
  9 centaurs
  A swamp dragon skeleton (Geh:7)
  3 crocodiles
  8 bullfrogs
  A gnoll sergeant (D:6)
  A spiny frog simulacrum (Hell)
  A polar bear zombie (Crypt:2)
  A scorpion (D:8)
  A killer bee (D:12)
  5 wights
  A spectral ogre (Depths:4)
  3 human simulacra
  A spectral naga (Depths:4)
  5 electric eels
  A troll skeleton (Coc:5)
  7 crimson imps
  A spectral centaur (Depths:4)
  2 hounds
  A bullfrog skeleton (D:6)
  3 jellies
  11 orc wizards
  5 orc priests
  2 polar bear simulacra (IceCv)
  11 worker ants (Lair:4)
  A dwarf zombie (Crypt:3)
  A mottled dragon skeleton (Crypt:2)
  A tengu skeleton (Crypt:3)
  A howler monkey zombie (D:8)
  A worker ant zombie (D:11)
  3 gnolls
  A hell rat skeleton (Crypt:2)
  A river rat (D:8)
  A swamp drake zombie (Crypt:1)
  8 white imps
  An ufetubus (IceCv)
  A worm zombie (Crypt:3)
  An iguana skeleton (Crypt:1)
  54 orcs
  A hobgoblin (D:3)
  A frilled lizard (D:4)
  2 kobolds (D:11)
  4 briar patches (Swamp:3)
  A bush (Lair:4)
  A butterfly (Lair:1)
  10 crawling corpses
  16 fungi
  7 plants
1459 creatures vanquished.

Vanquished Creatures (others)
  A shard shrike (Coc:5)
  3 bone dragons
  5 profane servitors
  2 eldritch tentacles
  9 ghouls
  2 elemental wellsprings
  13 vampire knights
  A yaktaur captain (Depths:3)
  A blizzard demon (Hell)
  A spectral human (Vaults:5)
  A hydra (Zig:4)
  An alligator (Zig:6)
  A centaur warrior (Depths:2)
  3 hell hogs
  A titan zombie (Vaults:5)
  A deep elf knight (Vaults:4)
  16 skeletal warriors
  A ghost moth zombie (Spider:4)
  15 flayed ghosts
  An entropy weaver zombie (Lair:4)
  A shadow dragon zombie (Vaults:4)
  4 ugly thing zombies
  18 phantasmal warriors
  A deep elf archer (Vaults:3)
  A wolf spider zombie (Spider:4)
  A draconian zombie (Depths:5)
  2 frost giant zombies
  2 stone giant zombies (Depths:3)
  A fire giant zombie (Vaults:4)
  A vault sentinel (Zig:11)
  2 spiny frogs (Zig:6)
  3 spriggan zombies (Depths:3)
  An iron troll zombie (Depths:3)
  10 yaktaur zombies
  3 yaktaurs
  6 redback zombies
  2 hydra zombies (Swamp:4)
  An ice devil (Coc:3)
  A queen ant zombie (Lair:4)
  A moth of wrath zombie (Spider:4)
  3 jumping spider zombies (Spider:4)
  3 tarantella zombies
  2 ice dragon zombies (Coc:7)
  2 ettin zombies
  11 flying skulls
  13 vampires
  A wind drake zombie (WizLab)
  5 wraiths
  A hill giant zombie (D:11)
  4 tengu zombies
  3 deep troll zombies
  3 ogre zombies
  4 spiny frog zombies
  8 elf zombies
  4 hornet zombies
  A dream sheep zombie (Lair:6)
  2 ogres
  5 centaurs
  2 vampire mosquito zombies
  8 human zombies
  A hell hound zombie (Depths:4)
  3 water moccasin zombies
  6 warg zombies (Depths:4)
  A raiju zombie (Depths:4)
  2 yak zombies (Lair:5)
  7 wights
  3 wolf zombies (Depths:4)
  7 centaur zombies
  10 soldier ant zombies (Lair:4)
  A two-headed ogre zombie (Vaults:3)
  A basilisk zombie (D:15)
  4 bog body skeletons
  3 porcupine zombies
  A two-headed ogre skeleton (Vaults:5)
  A killer bee zombie (D:8)
  A crocodile zombie (Lair:5)
  2 hound zombies
  A mummy (D:8)
  6 worker ant zombies
  A white imp (IceCv)
  A quokka (D:9)
  A gnoll skeleton (D:7)
  A kobold zombie (D:11)
  A leopard gecko zombie (D:5)
  2 orc skeletons
  38 orc zombies
  5 briar patches
  11 fungi
  17 plants
  22 tentacles
387 creatures vanquished.

Grand Total: 4800 creatures vanquished

Notes
Turn   | Place    | Note
-------+----------+-------------------------------------------
     0 | D:1      | dvd the Minotaur Fighter began the quest for the Orb.
     0 | D:1      | Reached XP level 1. HP: 19/19 MP: 0/0
    91 | D:1      | Reached XP level 2. HP: 27/27 MP: 1/1
   617 | D:1      | Reached XP level 3. HP: 32/33 MP: 2/2
   958 | D:2      | Found a basalt altar of Yredelemnul.
   981 | D:2      | Became a worshipper of Yredelemnul the Dark
  1031 | D:2      | Reached XP level 4. HP: 24/40 MP: 3/3
  1402 | D:2      | Reached skill level 1 in Dodging
  1609 | D:2      | Reached * piety under Yredelemnul
  1615 | D:2      | Reached XP level 5. HP: 47/47 MP: 4/4
  1975 | D:3      | Noticed Ijyb
  2094 | D:3      | Killed Ijyb
  2094 | D:3      | Reached skill level 5 in Shields
  2104 | D:3      | Noticed a centaur
  2107 | D:3      | Killed a centaur
  2107 | D:3      | Reached XP level 6. HP: 35/55 MP: 5/5
  2307 | D:3      | Reached ** piety under Yredelemnul
  2321 | D:3      | Found a blossoming altar of Fedhas.
  2609 | D:4      | Reached skill level 5 in Fighting
  2609 | D:4      | Reached skill level 5 in Armour
  2674 | D:4      | Reached skill level 5 in Axes
  2842 | D:4      | Reached XP level 7. HP: 53/61 MP: 6/6
  3308 | D:5      | Entered Level 5 of the Dungeon
  3750 | D:5      | Noticed a hippogriff
  3770 | D:5      | Killed a hippogriff
  3770 | D:5      | Reached XP level 8. HP: 42/70 MP: 7/7
  3776 | D:5      | Found a staircase to the Ecumenical Temple.
  4121 | D:5      | Found a deep blue altar of Sif Muna.
  4198 | D:5      | Reached *** piety under Yredelemnul
  4275 | D:5      | Reached skill level 1 in Invocations
  4385 | D:6      | Found a shattered altar of Ashenzari.
  4687 | D:6      | Noticed Edmund
  4696 | D:6      | Killed Edmund
  4820 | D:6      | Reached XP level 9. HP: 75/75 MP: 6/9
  4941 | D:6      | Reached skill level 1 in Maces & Flails
  5352 | D:7      | Found a blossoming altar of Fedhas.
  5360 | D:7      | Received a gift from Yredelemnul (a wight)
  5526 | D:7      | Reached skill level 1 in Polearms
  5598 | D:7      | Found Bory Nie's Food Shop.
  5773 | D:7      | Found a snail-covered altar of Cheibriados.
  5941 | D:8      | Reached **** piety under Yredelemnul
  6033 | D:8      | Reached skill level 1 in Stealth
  6135 | D:8      | Reached XP level 10. HP: 78/86 MP: 11/11
  6284 | D:8      | Received a gift from Yredelemnul (a mummy)
  6289 | D:8      | Reached skill level 10 in Axes
  6480 | D:8      | Identified a scroll of acquirement
  6481 | D:8      | Got a polished cloak
  6492 | D:8      | Identified the +0 cloak of Lugonu's Whim {rPois Str+4 Dex+3} (You acquired it on level 8 of the Dungeon)
  6644 | D:8      | Found a shimmering altar of Xom.
  6645 | D:8      | Found a hazy altar of Hepliaklqana.
  6740 | D:8      | Reached skill level 10 in Shields
  6802 | D:8      | Received a gift from Yredelemnul (a flying skull)
  6818 | D:8      | Reached skill level 5 in Maces & Flails
  6831 | D:8      | Reached ***** piety under Yredelemnul
  6844 | D:8      | Found a staircase to the Lair.
  6892 | D:8      | Found an ancient bone altar of Kikubaaqudgha.
  6998 | Lair:1   | Entered Level 1 of the Lair of Beasts
  7252 | Lair:1   | Reached XP level 11. HP: 76/94 MP: 13/13
  7254 | Lair:1   | Received a gift from Yredelemnul (a wight)
  8643 | Lair:2   | Received a gift from Yredelemnul (a wraith)
  8650 | Lair:2   | Found a hole to the Spider Nest.
  8857 | Lair:3   | Got a transparent cloak
  8868 | Lair:3   | Identified the cursed +0 cloak "Minifeuh" {Str+3} (You found it on level 3 of the Lair of Beasts)
  9041 | Lair:3   | Reached skill level 5 in Invocations
  9578 | Lair:3   | Noticed a death yak
  9590 | Lair:3   | Killed a death yak
  9592 | Lair:3   | Noticed a death yak
  9593 | Lair:3   | Noticed a death yak
  9594 | Lair:3   | Noticed a death yak
  9594 | Lair:3   | Noticed a death yak
  9601 | Lair:3   | Killed a death yak
  9601 | Lair:3   | Killed a death yak
  9607 | Lair:3   | Killed a death yak
  9607 | Lair:3   | Reached XP level 12. HP: 51/104 MP: 14/14
  9609 | Lair:3   | Killed a death yak
  9609 | Lair:3   | Received a gift from Yredelemnul (a wraith)
  9852 | Lair:4   | Reached skill level 10 in Armour
  9890 | Lair:4   | Noticed an entropy weaver
  9946 | Lair:4   | Received a gift from Yredelemnul (4 flying skulls)
  9965 | Lair:4   | Killed an entropy weaver
 10039 | Lair:4   | Noticed a queen ant
 10050 | Lair:4   | Killed a queen ant
 10063 | Lair:4   | Noticed an entropy weaver
 10075 | Lair:4   | Killed an entropy weaver
 10277 | Lair:4   | Got a faintly humming chain mail
 10288 | Lair:4   | Identified the +8 chain mail "Ipne" {*Contam Dex+4 Stlth+} (You found it on level 4 of the Lair of Beasts)
 10343 | Lair:4   | Found a staircase to the Swamp.
 11003 | Lair:5   | Noticed a four-headed hydra
 11019 | Lair:5   | Reached skill level 10 in Fighting
 11030 | Lair:5   | Killed a four-headed hydra
 11291 | Lair:5   | Received a gift from Yredelemnul (a vampire)
 11338 | Lair:5   | Found a staircase to the Slime Pits.
 11338 | Lair:5   | Noticed a five-headed hydra
 11344 | Lair:5   | Noticed Ladykiller69's ghost (journeyman MiAK)
 11347 | Lair:5   | Killed a five-headed hydra
 11351 | Lair:5   | Reached XP level 13. HP: 81/113 MP: 17/17
 11370 | Lair:5   | Killed Ladykiller69's ghost
 12015 | Lair:6   | Entered Level 6 of the Lair of Beasts
 12212 | Lair:6   | Received a gift from Yredelemnul (a vampire)
 12708 | Lair:6   | Reached ****** piety under Yredelemnul
 12999 | Lair:6   | Found a burning altar of Makhleb.
 13005 | Lair:6   | Received a gift from Yredelemnul (a wraith)
 13021 | Lair:6   | Received a gift from Yredelemnul (5 flying skulls)
 13023 | Lair:6   | Found a gateway to Hell.
 13792 | D:9      | Found an opulent altar of Gozag.
 14052 | D:10     | Entered Level 10 of the Dungeon
 14192 | D:10     | Noticed Snorg
 14197 | D:10     | Killed Snorg
 14248 | D:10     | Found Pyotostre's Distillery.
 14279 | D:10     | Reached skill level 5 in Dodging
 14748 | D:11     | Noticed a fire giant
 14753 | D:11     | Received a gift from Yredelemnul (a phantasmal warrior)
 14761 | D:11     | Killed a fire giant
 14996 | D:11     | Found a basalt altar of Yredelemnul.
 15034 | D:11     | Received a gift from Yredelemnul (a phantasmal warrior)
 15136 | D:11     | Noticed Nergalle
 15143 | D:11     | Killed Nergalle
 15143 | D:11     | Reached XP level 14. HP: 122/122 MP: 18/18
 15518 | D:11     | Found a staircase to the Orcish Mines.
 15674 | D:11     | You fall through a shaft for 2 floors!
 16074 | D:13     | Found Furir's Weapon Shop.
 16396 | D:13     | Received a gift from Yredelemnul (a skeletal warrior)
 16545 | D:13     | Reached skill level 15 in Axes
 16816 | D:12     | Received a gift from Yredelemnul (a vampire)
 17058 | Orc:1    | Entered Level 1 of the Orcish Mines
 17058 | Orc:1    | Found a roughly hewn altar of Beogh.
 17064 | Orc:1    | Received a gift from Yredelemnul (a phantasmal warrior)
 17301 | Orc:1    | Noticed an orc warlord
 17312 | Orc:1    | Killed an orc warlord
 17454 | Orc:2    | Entered Level 2 of the Orcish Mines
 17467 | Orc:2    | Received a gift from Yredelemnul (a vampire)
 17514 | Orc:2    | Found a bloodstained altar of Trog.
 17698 | Orc:2    | Found a staircase to the Elven Halls.
 17760 | Orc:2    | Found a roughly hewn altar of Beogh.
 17785 | Orc:2    | Noticed an orc warlord
 17790 | Orc:2    | Received a gift from Yredelemnul (a phantasmal warrior)
 17792 | Orc:2    | Reached skill level 15 in Shields
 17795 | Orc:2    | Killed an orc warlord
 17797 | Orc:2    | Found Dilay's Antique Armour Shoppe.
 17986 | Orc:2    | Found Omawked's Antique Weapon Emporium.
 17987 | Orc:2    | Found a roughly hewn altar of Beogh.
 18083 | Orc:2    | Found a roughly hewn altar of Beogh.
 18147 | Orc:2    | Found Ykheran's Distillery.
 18233 | Orc:2    | Found a roughly hewn altar of Beogh.
 18253 | Orc:2    | Found a roughly hewn altar of Beogh.
 18254 | Orc:2    | Received a gift from Yredelemnul (a skeletal warrior)
 18259 | Orc:2    | Found Zeqaer's Assorted Antiques.
 18267 | Orc:2    | Bought a glass ring for 180 gold pieces
 18351 | Orc:2    | Bought a shiny large shield for 388 gold pieces
 18369 | Orc:2    | Bought a faintly humming chain mail for 351 gold pieces
 18369 | Orc:2    | Identified the +4 chain mail of the Voivode {rPois rCorr Str+3} (You bought it in a shop on level 2 of the Orcish Mines)
 18489 | D:12     | Received a gift from Yredelemnul (a profane servitor)
 18636 | D:12     | Received a gift from Yredelemnul (a profane servitor)
 19158 | D:14     | Noticed Agnes
 19163 | D:14     | Killed Agnes
 19247 | D:14     | Found a gate to the Vaults.
 19282 | D:14     | Reached XP level 15. HP: 132/132 MP: 20/20
 19798 | D:15     | Entered Level 15 of the Dungeon
 19798 | D:15     | Found a staircase to the Depths.
 19798 | D:15     | Noticed a fire giant
 19818 | D:15     | Killed a fire giant
 20267 | D:15     | Received a gift from Yredelemnul (a flayed ghost)
 20388 | D:15     | Received a gift from Yredelemnul (a phantasmal warrior)
 21026 | Spider:1 | Entered Level 1 of the Spider Nest
 21082 | Spider:1 | Received a gift from Yredelemnul (a skeletal warrior)
 21092 | Spider:1 | Noticed Frances
 21099 | Spider:1 | Killed Frances
 21304 | Spider:1 | Gained mutation: You have a pair of large horns on your head. [potion of beneficial mutation]
 21305 | Spider:1 | Gained mutation: You are weak. (Str -2) [potion of mutation]
 21305 | Spider:1 | Gained mutation: You have an increased reservoir of magic. (+10% MP) [potion of mutation]
 21305 | Spider:1 | Gained mutation: You passively map a small area around you. [potion of mutation]
 21353 | Spider:1 | Got a steaming leather armour
 21354 | Spider:1 | Identified the +2 leather armour "Yvue" {Int+5} (You found it on level 1 of the Spider Nest)
 21554 | Spider:1 | Received a gift from Yredelemnul (a vampire)
 21563 | Spider:1 | Got a brightly glowing cloak
 21574 | Spider:1 | Identified the +2 cloak "Itepe" {+Inv +Fly rF+} (You acquired it on level 1 of the Spider Nest)
 21632 | Spider:1 | Noticed a ghost moth
 21639 | Spider:1 | Killed a ghost moth
 21649 | Spider:1 | Gained mutation: Potions and wands are less effective at restoring your health. [mutagenic meat]
 21650 | Spider:1 | Gained mutation: You are agile. (Dex +2) [mutagenic meat]
 21651 | Spider:1 | Gained mutation: You are frail. (-10% HP) [mutagenic meat]
 21652 | Spider:1 | Gained mutation: You expend magic power (3 MP) to strengthen your wands. [mutagenic meat]
 21658 | Spider:1 | Received a gift from Yredelemnul (a bone dragon)
 22156 | Spider:2 | Reached skill level 10 in Invocations
 22254 | Spider:2 | Received a gift from Yredelemnul (a flayed ghost)
 23424 | Spider:3 | Reached XP level 16. HP: 123/126 MP: 23/25
 23438 | Spider:3 | Identified a +0 pair of boots of running (You found it on level 3 of the Spider Nest)
 23458 | Spider:3 | Received a gift from Yredelemnul (a skeletal warrior)
 23621 | Spider:3 | Reached skill level 5 in Stealth
 23651 | Spider:3 | Received a gift from Yredelemnul (a vampire)
 23877 | Spider:4 | Entered Level 4 of the Spider Nest
 23889 | Spider:4 | Received a gift from Yredelemnul (a vampire knight)
 23902 | Spider:4 | Found a frozen archway.
 23916 | IceCv    | Entered an ice cave
 23923 | IceCv    | Received a gift from Yredelemnul (a vampire)
 24234 | IceCv    | Received a gift from Yredelemnul (a vampire knight)
 24512 | IceCv    | Received a gift from Yredelemnul (a profane servitor)
 24680 | IceCv    | Received a gift from Yredelemnul (a phantasmal warrior)
 24689 | IceCv    | Lost mutation: You are weak. (Str -2) [potion of cure mutation]
 24689 | IceCv    | Lost mutation: You are frail. (-10% HP) [potion of cure mutation]
 24689 | IceCv    | Lost mutation: You expend magic power (3 MP) to strengthen your wands. [potion of cure mutation]
 24689 | IceCv    | Lost mutation: You have a pair of large horns on your head. [potion of cure mutation]
 24689 | IceCv    | Lost mutation: You are agile. (Dex +2) [potion of cure mutation]
 24695 | IceCv    | Noticed an Ice Fiend
 24708 | IceCv    | Killed an Ice Fiend
 24772 | IceCv    | Identified a +1 pair of boots of running (You found it in an ice cave)
 24785 | IceCv    | Got a jewelled chain mail
 24786 | IceCv    | Identified the +6 chain mail "Piffej" {*Contam Regen+ Int+7} (You found it in an ice cave)
 24907 | Spider:4 | Received a gift from Yredelemnul (a phantasmal warrior)
 25048 | Spider:4 | Received a gift from Yredelemnul (a flayed ghost)
 25253 | Spider:4 | Received a gift from Yredelemnul (a flayed ghost)
 25314 | Spider:4 | Received a gift from Yredelemnul (a ghoul)
 25363 | Spider:4 | Received a gift from Yredelemnul (a ghoul)
 25369 | Spider:4 | Gained mutation: You occasionally shout uncontrollably at your foes. [mutagenic meat]
 25370 | Spider:4 | Gained mutation: Your mind is acute. (Int +2) [mutagenic meat]
 25371 | Spider:4 | Gained mutation: Your mind is very acute. (Int +4) [mutagenic meat]
 25372 | Spider:4 | Lost mutation: Your mind is very acute. (Int +4) [mutagenic meat]
 25388 | Spider:4 | Received a gift from Yredelemnul (a flayed ghost)
 25517 | Spider:4 | Got a gossamer rune of Zot
 25775 | Swamp:1  | Entered Level 1 of the Swamp
 25806 | Swamp:1  | Noticed a thorn hunter
 25812 | Swamp:1  | Killed a thorn hunter
 25867 | Swamp:1  | Received a gift from Yredelemnul (a vampire knight)
 25875 | Swamp:1  | Noticed Aizul
 25882 | Swamp:1  | Killed Aizul
 25923 | Swamp:1  | Noticed a thorn hunter
 25931 | Swamp:1  | Killed a thorn hunter
 26089 | Swamp:1  | Reached XP level 17. HP: 151/151 MP: 25/27
 27365 | Swamp:3  | Received a gift from Yredelemnul (a vampire knight)
 27383 | Swamp:3  | Gained mutation: Your spells are a little harder to cast, but a little more powerful. [mutagenic meat]
 27384 | Swamp:3  | Lost mutation: Your mind is acute. (Int +2) [mutagenic meat]
 27385 | Swamp:3  | Gained mutation: You have large cloven feet. [mutagenic meat]
 27387 | Swamp:3  | Lost mutation: Your spells are a little harder to cast, but a little more powerful. [mutagenic meat]
 27388 | Swamp:3  | Lost mutation: You have an increased reservoir of magic. (+10% MP) [mutagenic meat]
 27389 | Swamp:3  | Gained mutation: Your muscles are strong. (Str +2) [mutagenic meat]
 27697 | Swamp:3  | Received a gift from Yredelemnul (a vampire)
 27864 | Swamp:3  | Found a sacrificial altar of Ru.
 27899 | Swamp:3  | Received a gift from Yredelemnul (a skeletal warrior)
 27975 | Swamp:4  | Entered Level 4 of the Swamp
 28073 | Swamp:4  | Received a gift from Yredelemnul (a flayed ghost)
 28228 | Swamp:4  | Got a decaying rune of Zot
 28767 | Temple   | Entered the Ecumenical Temple
 29193 | Elf:1    | Entered Level 1 of the Elven Halls
 29196 | Elf:1    | Gained mutation: Your body sometimes deteriorates upon taking damage. [potion of mutation]
 29196 | Elf:1    | Gained mutation: Your muscles are very strong. (Str +4) [potion of mutation]
 29233 | Elf:1    | Found a radiant altar of Vehumet.
 29236 | Elf:1    | Received a gift from Yredelemnul (a skeletal warrior)
 29422 | Elf:1    | Identified the Guide on Dark Arts
 29424 | Elf:1    | Got a scorched ivory ring
 29426 | Elf:1    | Identified the ring of Wipnion {rF+ Int+2 Dex-4 SInv Stlth+} (You acquired it on level 1 of the Elven Halls)
 29472 | Elf:1    | Received a gift from Yredelemnul (a skeletal warrior)
 29959 | Elf:2    | Reached XP level 18. HP: 161/161 MP: 26/26
 30150 | Elf:2    | Found Xitz's Distillery.
 30162 | Elf:2    | Bought a potion of heal wounds for 75 gold pieces
 30188 | Elf:2    | Found a huge runed gate.
 30188 | Elf:2    | Found a huge runed gate.
 30188 | Elf:2    | Found a huge runed gate.
 30189 | Elf:2    | Found a huge runed gate.
 30194 | Elf:2    | Found a huge runed gate.
 30233 | Elf:2    | Received a gift from Yredelemnul (a flayed ghost)
 30512 | Elf:2    | Received a gift from Yredelemnul (a phantasmal warrior)
 30752 | Elf:3    | Entered Level 3 of the Elven Halls
 30958 | Elf:3    | Noticed a Hell Sentinel
 30961 | Elf:3    | Noticed a Hell Sentinel
 30969 | Elf:3    | Noticed a Tzitzimitl
 30977 | Elf:3    | Noticed a Brimstone Fiend
 30979 | Elf:3    | Received a gift from Yredelemnul (a phantasmal warrior)
 30979 | Elf:3    | Received a gift from Yredelemnul (a skeletal warrior)
 31177 | Elf:3    | Reached skill level 15 in Fighting
 31237 | Elf:3    | Got a slimy wooden ring
 31268 | Elf:3    | Identified the ring "Hull" {MR+ Int+5 SInv Stlth+} (You found it on level 3 of the Elven Halls)
 31334 | Elf:3    | Identified Jeimaostea's Tome of Fire
 31341 | Elf:3    | Identified the Tome of the Oath
 31349 | Elf:3    | Got a transparent trident
 31379 | Elf:3    | Got a crude ring mail
 31390 | Elf:3    | Identified the +4 ring mail of Kikubaaqudgha's Anger {+Fly rElec rPois rC-} (You found it on level 3 of the Elven Halls)
 31450 | Elf:3    | Identified the +7 trident "Zibeeqi" {drain, Fragile rF+ rN+ Int+3} (You found it on level 3 of the Elven Halls)
 31452 | Elf:3    | Got a crude eveningstar
 31453 | Elf:3    | Identified the +3 eveningstar of Internal Strife {freeze, rC+} (You found it on level 3 of the Elven Halls)
 31792 | Elf:3    | Gained mutation: Your system is resistant to poisons. (rPois) [mutagenic meat]
 31794 | Elf:3    | Gained mutation: You are covered in fur. (AC +1) [mutagenic meat]
 32217 | Vaults:1 | Entered Level 1 of the Vaults
 32249 | Vaults:1 | Gained mutation: You possess an exceptional clarity of mind. [mutagenic meat]
 32272 | Vaults:1 | Received a gift from Yredelemnul (a vampire knight)
 32291 | Vaults:1 | Gained mutation: You evolve. [mutagenic meat]
 32292 | Vaults:1 | Lost mutation: Your muscles are very strong. (Str +4) [mutagenic meat]
 32382 | Vaults:1 | Found a magical portal.
 32406 | WizLab   | Entered The Chambers of the Cloud Mage
 32506 | WizLab   | Lost mutation: Your body sometimes deteriorates upon taking damage. [evolution]
 32560 | WizLab   | Received a gift from Yredelemnul (a bone dragon)
 32603 | WizLab   | Received a gift from Yredelemnul (a flayed ghost)
 32864 | WizLab   | Received a gift from Yredelemnul (a vampire)
 32969 | WizLab   | Received a gift from Yredelemnul (a phantasmal warrior)
 32982 | WizLab   | Noticed Qihuhig
 32993 | WizLab   | Killed Qihuhig the Cloud Mage
 33140 | WizLab   | Identified Sif Muna's Catalogue of Lightness
 33149 | WizLab   | Identified Lowo's Almanac of Weightlessness
 33172 | WizLab   | Got a scorched short sword
 33173 | WizLab   | Identified the cursed +1 short sword "Vunecs" {antimagic, +Blink +Inv rElec Str-3} (You found it in a wizard's laboratory)
 33503 | Vaults:1 | Reached skill level 15 in Armour
 33580 | Vaults:1 | Noticed Donald
 33590 | Vaults:1 | Reached XP level 19. HP: 149/170 MP: 25/28
 33590 | Vaults:1 | Killed Donald
 33600 | Vaults:1 | Received a gift from Yredelemnul (a profane servitor)
 34015 | Vaults:1 | Got a shimmering ring mail
 34035 | Vaults:1 | Identified the cursed +1 ring mail of Fedhas {Regen+ Int+5} (You found it on level 1 of the Vaults)
 34268 | Vaults:1 | Learned a level 4 spell: Airstrike
 34275 | Vaults:1 | Learned a level 6 spell: Deflect Missiles
 34355 | Vaults:1 | Lost mutation: You have large cloven feet. [mutagenic meat]
 34605 | Vaults:2 | Found a staircase to the Crypt.
 34605 | Vaults:2 | Found an ancient bone altar of Kikubaaqudgha.
 34606 | Vaults:2 | Found a basalt altar of Yredelemnul.
 34688 | Vaults:2 | Gained mutation: You are dopey. (Int -2) [mutagenic meat]
 34689 | Vaults:2 | Lost mutation: You are dopey. (Int -2) [mutagenic meat]
 34713 | Vaults:2 | Found Pubbopn's Weapon Emporium.
 34723 | Vaults:2 | Noticed Nikola
 34731 | Vaults:2 | Killed Nikola
 35220 | Vaults:2 | Received a gift from Yredelemnul (a vampire)
 35247 | Vaults:2 | Gained mutation: You can translocate small distances at will. [mutagenic meat]
 35248 | Vaults:2 | Gained mutation: You sometimes yell uncontrollably at your foes. [mutagenic meat]
 35249 | Vaults:2 | Gained mutation: You are resistant to hostile enchantments. (MR+) [mutagenic meat]
 35250 | Vaults:2 | Gained mutation: Your flesh is heat resistant. (rF+) [mutagenic meat]
 36102 | Vaults:3 | Received a gift from Yredelemnul (a vampire knight)
 36188 | Vaults:3 | Lost mutation: You sometimes yell uncontrollably at your foes. [mutagenic meat]
 36190 | Vaults:3 | Lost mutation: Your system is resistant to poisons. (rPois) [mutagenic meat]
 36191 | Vaults:3 | Gained mutation: Armour fits poorly on your strangely shaped body. [mutagenic meat]
 36417 | Vaults:3 | Received a gift from Yredelemnul (a phantasmal warrior)
 36449 | Vaults:3 | Received a gift from Yredelemnul (a ghoul)
 37041 | Vaults:3 | Received a gift from Yredelemnul (a ghoul)
 37276 | Vaults:4 | Received a gift from Yredelemnul (a skeletal warrior)
 37326 | Vaults:4 | Lost mutation: Your muscles are strong. (Str +2) [mutagenic meat]
 37327 | Vaults:4 | Lost mutation: You possess an exceptional clarity of mind. [mutagenic meat]
 37460 | Vaults:4 | Got a bloodstained shield
 37471 | Vaults:4 | Identified the +4 shield "Rapumogh" {rN+ Stlth+} (You acquired it on level 4 of the Vaults)
 37599 | Vaults:4 | Reached XP level 20. HP: 181/181 MP: 30/30
 37599 | Vaults:4 | Received a gift from Yredelemnul (a vampire)
 37646 | Vaults:4 | Received a gift from Yredelemnul (a phantasmal warrior)
 37842 | Vaults:4 | Reached skill level 15 in Invocations
 37884 | Vaults:4 | Received a gift from Yredelemnul (a skeletal warrior)
 37906 | Vaults:4 | Got a ring of the Octopus King
 38006 | Vaults:4 | Identified a ring of the Octopus King {rF+ AC+1 EV+1 Str+1 Int+1 Dex+1} (You took it off an ironbrand convoker on level 4 of the Vaults)
 38023 | Vaults:4 | Got a translucent plate armour
 38034 | Vaults:4 | Identified the +10 plate armour of the Thirteen Eyes {rC++ Stlth-} (You found it on level 4 of the Vaults)
 38058 | Vaults:4 | Lost mutation: Your flesh is heat resistant. (rF+) [mutagenic meat]
 38538 | Vaults:4 | Gained mutation: You are clumsy. (Dex -2) [mutagenic meat]
 38770 | Vaults:5 | Entered Level 5 of the Vaults
 38796 | Vaults:5 | Received a gift from Yredelemnul (a skeletal warrior)
 38856 | Vaults:5 | Received a gift from Yredelemnul (a flayed ghost)
 39141 | Vaults:5 | Reached XP level 21. HP: 191/191 MP: 31/31
 39150 | Vaults:5 | Received a gift from Yredelemnul (a bone dragon)
 39431 | Vaults:5 | Learned a level 2 spell: Repel Missiles
 39465 | Vaults:5 | Received a gift from Yredelemnul (a ghoul)
 39546 | Vaults:5 | Learned a level 2 spell: Blink
 39658 | Vaults:5 | Noticed a golden dragon
 39666 | Vaults:5 | Killed a golden dragon
 39788 | Vaults:5 | Got a silver rune of Zot
 39901 | Vaults:5 | Noticed KarmaPolice's ghost (legendary HaHu)
 39917 | Vaults:5 | Killed KarmaPolice's ghost
 39918 | Vaults:5 | Received a gift from Yredelemnul (a skeletal warrior)
 40422 | Crypt:1  | Entered Level 1 of the Crypt
 41114 | Crypt:1  | Received a gift from Yredelemnul (a phantasmal warrior)
 41268 | Crypt:2  | Received a gift from Yredelemnul (a flayed ghost)
 42141 | Crypt:3  | Entered Level 3 of the Crypt
 42148 | Crypt:3  | Got a spiked large shield
 42159 | Crypt:3  | Identified the +0 large shield "Poshon" {MR+} (You acquired it on level 3 of the Crypt)
 42188 | Crypt:3  | Found a staircase to the Tomb.
 42198 | Crypt:3  | Reached XP level 22. HP: 201/201 MP: 31/33
 42360 | Crypt:3  | Received a gift from Yredelemnul (a flayed ghost)
 42825 | Crypt:3  | Received a gift from Yredelemnul (a skeletal warrior)
 42877 | Crypt:3  | Received a gift from Yredelemnul (a flayed ghost)
 42907 | Crypt:3  | Found an ancient bone altar of Kikubaaqudgha.
 42915 | Crypt:3  | Found a basalt altar of Yredelemnul.
 43000 | Crypt:3  | Identified the Handbook of Changing and Poisoning
 43003 | Crypt:3  | Got a crude bronze ring
 43005 | Crypt:3  | Identified the ring "Koif Ava" {rN+ Int+4} (You found it on level 3 of the Crypt)
 43010 | Crypt:3  | Got a warped turquoise ring
 43011 | Crypt:3  | Identified the ring "Jeullye" {rN+ Int+3 Dex+3} (You found it on level 3 of the Crypt)
 44339 | Slime:1  | Entered Level 1 of the Pits of Slime
 44363 | Slime:1  | Received a gift from Yredelemnul (a vampire knight)
 44498 | Slime:1  | Gained mutation: Your magical capacity is low. (-10% MP) [a shining eye]
 44511 | Slime:2  | Gained mutation: You are frail. (-10% HP) [a shining eye]
 44528 | Slime:2  | Received a gift from Yredelemnul (a ghoul)
 44619 | Slime:4  | Noticed Dissolution
 44624 | Slime:4  | Gained mutation: You tend to lose your temper in combat. [a shining eye]
 44625 | Slime:4  | Killed Dissolution
 44648 | Slime:4  | Gained mutation: You are dopey. (Int -2) [a shining eye]
 44877 | Slime:5  | Entered Level 5 of the Pits of Slime
 44904 | Slime:5  | Received a gift from Yredelemnul (a vampire knight)
 44984 | Slime:5  | Received a gift from Yredelemnul (a skeletal warrior)
 44986 | Slime:5  | Noticed the Royal Jelly
 44998 | Slime:5  | Killed the Royal Jelly
 45043 | Slime:5  | Got a slimy rune of Zot
 45129 | Slime:5  | Got a crude copper ring
 45130 | Slime:5  | Identified the ring of Punil {rN+ Int+5 Dex+4} (You found it on level 5 of the Pits of Slime)
 45170 | Slime:5  | Got a brightly glowing chain mail
 45181 | Slime:5  | Identified the +4 chain mail of Decompression {-Tele *Contam rN+++ rCorr} (You found it on level 5 of the Pits of Slime)
 45203 | Slime:5  | Identified the Catalogue of Transformation
 45229 | Slime:5  | Received a gift from Yredelemnul (a flayed ghost)
 45253 | Slime:5  | Got a scorched ring mail
 45264 | Slime:5  | Identified the +1 ring mail "Moria" {rC- MR+++ Str-5 Dex+6} (You found it on level 5 of the Pits of Slime)
 45288 | Slime:5  | Got a pitted mace
 45289 | Slime:5  | Identified the cursed +2 mace of Ruatut {crush, rElec rN+ Str+4} (You found it on level 5 of the Pits of Slime)
 45605 | Slime:5  | Lost mutation: You are clumsy. (Dex -2) [potion of cure mutation]
 45605 | Slime:5  | Lost mutation: You are resistant to hostile enchantments. (MR+) [potion of cure mutation]
 45605 | Slime:5  | Lost mutation: Armour fits poorly on your strangely shaped body. [potion of cure mutation]
 45606 | Slime:5  | Lost mutation: You are dopey. (Int -2) [potion of cure mutation]
 45606 | Slime:5  | Lost mutation: You occasionally shout uncontrollably at your foes. [potion of cure mutation]
 45606 | Slime:5  | Lost mutation: You evolve. [potion of cure mutation]
 45606 | Slime:5  | Lost mutation: Your magical capacity is low. (-10% MP) [potion of cure mutation]
 45877 | D:10     | Bought 2 potions of cure mutation for 600 gold pieces
 45877 | D:10     | Lost mutation: Potions and wands are less effective at restoring your health. [potion of cure mutation]
 45877 | D:10     | Lost mutation: You are frail. (-10% HP) [potion of cure mutation]
 45877 | D:10     | Lost mutation: You can translocate small distances at will. [potion of cure mutation]
 45877 | D:10     | Lost mutation: You tend to lose your temper in combat. [potion of cure mutation]
 45877 | D:10     | Lost mutation: You passively map a small area around you. [potion of cure mutation]
 45878 | D:10     | Gained mutation: Your muscles are strong. (Str +2) [potion of beneficial mutation]
 46044 | Depths:1 | Entered Level 1 of the Depths
 46044 | Depths:1 | Found a gateway to a ziggurat.
 46044 | Depths:1 | Found a hide-covered altar of Uskayaw.
 46059 | Depths:1 | Noticed Uhlv's ghost (adept MfFi)
 46067 | Depths:1 | Received a gift from Yredelemnul (a vampire knight)
 46085 | Depths:1 | Killed Uhlv's ghost
 46246 | Depths:1 | Reached XP level 23. HP: 210/211 MP: 34/34
 46669 | Depths:1 | Received a gift from Yredelemnul (a vampire knight)
 46672 | Depths:1 | Paralysed by an ogre mage for 6 turns
 46733 | Depths:1 | Noticed a juggernaut
 46738 | Depths:1 | Killed a juggernaut
 46859 | Depths:2 | Found a one-way gate to the infinite horrors of the Abyss.
 47022 | Depths:2 | Got a scorched bronze ring
 47024 | Depths:2 | Identified the ring "Woxolaewk" {Dex+2 SInv} (You found it on level 2 of the Depths)
 47163 | Depths:2 | Identified Fiagyadas's Volume of Cold
 47605 | Depths:3 | Received a gift from Yredelemnul (a skeletal warrior)
 47783 | Depths:3 | Found a one-way gate leading to the halls of Pandemonium.
 47791 | Depths:3 | Noticed Mennas
 47803 | Depths:3 | Received a gift from Yredelemnul (a ghoul)
 47812 | Depths:3 | Killed Mennas
 47943 | Depths:3 | Received a gift from Yredelemnul (a ghoul)
 48015 | Depths:3 | Got a twisted flail
 48016 | Depths:3 | Identified the +5 flail of the Kidney {speed, rPois Str-3 Int+5} (You found it on level 3 of the Depths)
 48229 | Depths:3 | Got a clouded iron ring
 48231 | Depths:3 | Identified the ring of Xom's Entertainment {rPois SInv} (You found it on level 3 of the Depths)
 48677 | Depths:3 | Received a gift from Yredelemnul (a vampire knight)
 48998 | Depths:3 | Noticed an ancient lich
 49006 | Depths:3 | Killed an ancient lich
 49045 | Depths:3 | Got a pitted quick blade
 49046 | Depths:3 | Identified the +0 quick blade of Yxuddooh {holy, rC+} (You found it on level 3 of the Depths)
 49343 | Depths:4 | Received a gift from Yredelemnul (a phantasmal warrior)
 49397 | Depths:4 | Received a gift from Yredelemnul (a profane servitor)
 49414 | Depths:4 | Received a gift from Yredelemnul (a phantasmal warrior)
 49603 | Depths:4 | Reached XP level 24. HP: 221/223 MP: 34/34
 49650 | Depths:4 | Received a gift from Yredelemnul (a flayed ghost)
 49958 | Depths:4 | Paralysed by a floating eye for 4 turns
 49998 | Depths:4 | Received a gift from Yredelemnul (a flayed ghost)
 50006 | Depths:4 | Got a wavering lapis lazuli ring
 50010 | Depths:4 | Got an encrusted cloak
 50021 | Depths:4 | Identified the +1 cloak of Immorality {Int+4} (You found it on level 4 of the Depths)
 50033 | Depths:4 | Identified the ring of Waqiech {EV+2 Str+4} (You found it on level 4 of the Depths)
 50182 | Depths:4 | Noticed an ancient lich
 50193 | Depths:4 | Killed an ancient lich
 50563 | Depths:5 | Entered Level 5 of the Depths
 50565 | Depths:5 | Noticed Margery
 50577 | Depths:5 | Killed Margery
 50781 | Depths:5 | Reached skill level 10 in Stealth
 50841 | Depths:5 | Found a gate to the Realm of Zot.
 50889 | Depths:5 | Got a pitted gossamer ring
 50970 | Depths:5 | Identified the ring of Fosolisch {*Tele rN+} (You found it on level 5 of the Depths)
 51062 | Depths:5 | Noticed Jorgrun
 51070 | Depths:5 | Killed Jorgrun
 51325 | Depths:5 | Received a gift from Yredelemnul (a ghoul)
 51779 | Hell     | Entered the Vestibule of Hell
 51779 | Hell     | Noticed Geryon
 51794 | Hell     | Killed Geryon
 51841 | Hell     | Received a gift from Yredelemnul (a vampire knight)
 51901 | Hell     | Found a gateway to the Iron City of Dis.
 51949 | Hell     | Received a gift from Yredelemnul (a vampire)
 51960 | Hell     | Found a gateway to the freezing wastes of Cocytus.
 52138 | Hell     | Received a gift from Yredelemnul (a ghoul)
 52163 | Hell     | Found a gateway to the ashen valley of Gehenna.
 52237 | Hell     | Found a gateway to the decaying netherworld of Tartarus.
 52390 | Coc:1    | Entered Level 1 of Cocytus
 52403 | Coc:1    | Received a gift from Yredelemnul (a vampire knight)
 52731 | Coc:3    | Received a gift from Yredelemnul (a phantasmal warrior)
 52776 | Coc:3    | Received a gift from Yredelemnul (a phantasmal warrior)
 52801 | Coc:3    | Reached XP level 25. HP: 233/233 MP: 34/34
 53135 | Coc:5    | Noticed a shard shrike
 53135 | Coc:5    | Noticed a shard shrike
 53140 | Coc:5    | Banished a shard shrike
 53151 | Coc:5    | Killed a shard shrike
 53214 | Coc:5    | Received a gift from Yredelemnul (a vampire)
 53377 | Coc:5    | Gained mutation: Armour fits poorly on your strangely shaped body. [mutagenic glow]
 53416 | Coc:5    | Gained mutation: You are partially covered in slimy green scales. (AC +2) [mutagenic glow]
 53552 | Coc:6    | Received a gift from Yredelemnul (a vampire)
 53620 | Coc:7    | Entered Level 7 of Cocytus
 53821 | Coc:7    | Received a gift from Yredelemnul (a phantasmal warrior)
 53933 | Coc:7    | Received a gift from Yredelemnul (a skeletal warrior)
 53999 | Coc:7    | Noticed Antaeus
 54688 | Temple   | Fell from the grace of Yredelemnul
 54688 | Temple   | Became a worshipper of the Shining One
 55335 | Geh:1    | Entered Level 1 of Gehenna
 55369 | Geh:1    | Reached * piety under the Shining One
 55385 | Geh:1    | Reached ** piety under the Shining One
 55513 | Geh:1    | Reached *** piety under the Shining One
 55526 | Geh:1    | Reached **** piety under the Shining One
 55748 | Geh:1    | Reached ***** piety under the Shining One
 55937 | Geh:2    | Reached ****** piety under the Shining One
 56373 | Geh:3    | Reached XP level 26. HP: 244/244 MP: 31/34
 56653 | Geh:4    | Identified a +9 broad axe of holy wrath (a +9 broad axe of freezing blessed by the Shining One)
 56653 | Geh:4    | Received a gift from the Shining One
 57124 | Geh:7    | Entered Level 7 of Gehenna
 57708 | Geh:7    | Reached skill level 27 in Shields
 57993 | Geh:7    | Noticed Asmodeus
 58010 | Geh:7    | Killed Asmodeus
 58010 | Geh:7    | Reached XP level 27. HP: 179/256 MP: 27/35
 58056 | Geh:7    | Got an obsidian rune of Zot
 58188 | Geh:7    | Got a crude pewter ring
 58190 | Geh:7    | Identified the cursed ring "Xypyror" {-Tele rN+ MR+ EV-4 Int+3} (You found it on level 7 of Gehenna)
 58527 | Tar:1    | Entered Level 1 of Tartarus
 59070 | Tar:7    | Entered Level 7 of Tartarus
 59495 | Tar:7    | Noticed Ereshkigal
 59511 | Tar:7    | Killed Ereshkigal
 59551 | Tar:7    | Got a bone rune of Zot
 59561 | Tar:7    | Got a twisted war axe
 59562 | Tar:7    | Identified the +5 war axe of Defilement {drain, rF- MP+9 Dex+7 Stlth+} (You found it on level 7 of Tartarus)
 59896 | Tar:7    | Gained mutation: You are clumsy. (Dex -2) [mutagenic glow]
 59916 | Tar:7    | Gained mutation: You possess an exceptional clarity of mind. [mutagenic glow]
 60928 | Coc:1    | Was forgiven by Yredelemnul
 61317 | Coc:6    | Paralysed by the power of Zot for 4 turns
 61828 | Coc:7    | Killed Antaeus
 61861 | Coc:7    | Got an icy rune of Zot
 62053 | Dis:1    | Entered Level 1 of the Iron City of Dis
 62654 | Dis:3    | You fall through a shaft for 2 floors!
 62685 | Dis:5    | Reached skill level 27 in Axes
 62958 | Dis:7    | Entered Level 7 of the Iron City of Dis
 63727 | Dis:7    | Noticed the Serpent of Hell
 63758 | Dis:7    | Killed the Serpent of Hell
 64024 | Dis:7    | Noticed Dispater
 64039 | Dis:7    | Killed Dispater
 64117 | Dis:7    | Got a steaming flail
 64118 | Dis:7    | Identified the +3 flail "Loliwk" {flame, Str+6} (You found it on level 7 of the Iron City of Dis)
 64125 | Dis:7    | Got an iron rune of Zot
 64129 | Dis:7    | Identified the Disquisition on Translocation and Good Luck
 64440 | Dis:7    | Got an ivory dagger
 64485 | Dis:7    | Identified a +2 rod of clouds (9/9) (You found it on level 7 of the Iron City of Dis)
 64490 | Dis:7    | Got a fine great sword
 64491 | Dis:7    | Identified the cursed +1 great sword "Fianas" {drain, rN++ Str+2 Int+4 Dex+3} (You found it on level 7 of the Iron City of Dis)
 64642 | Zig:1    | Entered Level 1 of a ziggurat
 64660 | Zig:2    | Entered Level 2 of a ziggurat
 64716 | Zig:3    | Entered Level 3 of a ziggurat
 64753 | Zig:4    | Entered Level 4 of a ziggurat
 64776 | Zig:4    | Got a bloodstained chain mail
 64787 | Zig:4    | Identified the +4 chain mail of Oblivion {MR+++ Dex+3 Stlth-} (You found it on level 4 of a ziggurat)
 64805 | Zig:5    | Entered Level 5 of a ziggurat
 64855 | Zig:6    | Entered Level 6 of a ziggurat
 64892 | Zig:7    | Entered Level 7 of a ziggurat
 64896 | Zig:7    | Noticed a greater mummy
 64907 | Zig:7    | Killed a greater mummy
 64920 | Zig:7    | Identified Sif Muna's Grimoire of Ice
 64928 | Zig:7    | Got a warped lapis lazuli ring
 64930 | Zig:7    | Identified the ring "Van Rou" {Fire +Fly rN+ Dex-5} (You found it on level 7 of a ziggurat)
 64937 | Zig:7    | Reached skill level 1 in Evocations
 65065 | Zig:8    | Entered Level 8 of a ziggurat
 65112 | Zig:8    | Got a spiked chain mail
 65123 | Zig:8    | Identified the +3 chain mail "Tirynit" {rC+ Dex+4} (You found it on level 8 of a ziggurat)
 65138 | Zig:8    | Reached skill level 1 in Spellcasting
 65138 | Zig:8    | Reached skill level 1 in Charms
 65138 | Zig:8    | Reached skill level 1 in Translocations
 65138 | Zig:8    | Reached skill level 1 in Air Magic
 65160 | Zig:9    | Entered Level 9 of a ziggurat
 65163 | Zig:9    | Noticed an ancient lich
 65168 | Zig:9    | Killed an ancient lich
 65174 | Zig:9    | Reached skill level 27 in Fighting
 65237 | Zig:10   | Entered Level 10 of a ziggurat
 65425 | Zig:11   | Entered Level 11 of a ziggurat
 65488 | Zig:11   | Reached skill level 27 in Armour
 65520 | Zig:12   | Entered Level 12 of a ziggurat
 65640 | Zig:12   | Identified the Reference Book on the Assistive Birds
 65643 | Zig:12   | Learned a level 1 spell: Infusion
 65743 | Zig:13   | Entered Level 13 of a ziggurat
 65752 | Zig:13   | Noticed Ziuwnije the pandemonium lord
 65752 | Zig:13   | Noticed Xoryczy the pandemonium lord
 65754 | Zig:13   | Noticed Fopluric the pandemonium lord
 65754 | Zig:13   | Noticed Ceaqes the pandemonium lord
 65754 | Zig:13   | Noticed Tiumulehu the pandemonium lord
 65754 | Zig:13   | Noticed Jiozxi Havi the pandemonium lord
 65759 | Zig:13   | Killed Fopluric the pandemonium lord
 65764 | Zig:13   | Killed Xoryczy the pandemonium lord
 65765 | Zig:13   | Killed Ceaqes the pandemonium lord
 65773 | Zig:13   | HP: 4/273 [Tiumulehu the pandemonium lord (11)]
 65774 | Zig:13   | Killed Tiumulehu the pandemonium lord
 65776 | Zig:13   | Mangled by Ziuwnije the pandemonium lord

Skill      XL: |  1  2  3  4  5  6  7  8  9 10 11 12 13 14 15 16 17 18 19 20 21 22 23 24 25 26 27 |
---------------+----------------------------------------------------------------------------------+-----
Fighting       | 4 5 6 7 9 10 11 12 13 14 15 16 17 18 19 20 21 22 27 | 27.0
Armour         | 4 5 6 7 8 9 10 11 12 13 15 17 19 20 21 22 23 24 27 | 27.0
Shields        | 4 5 6 7 9 10 11 13 14 15 16 17 18 20 21 22 23 24 25 26 27 | 27.0
Axes           | 3 4 5 7 8 9 10 11 13 14 16 17 18 19 20 21 22 23 25 27 | 27.0
Dodging        | 1 2 3 4 5 6 7 9 |  9.9
Invocations    | 2 3 4 5 6 7 9 10 11 12 14 15 16 17 18 23 | 23.9
Maces & Flails | 2 5 6 7 8 9 |  9.9
Polearms       | 1 |  1.0
Stealth        | 1 2 3 4 5 6 7 8 9 10 11 | 11.1
Throwing       | 4 |  4.5
Evocations     | 2 |  2.8
Spellcasting   | 2 |  2.1
Charms         | 2 |  2.0
Translocations | 2 |  2.1
Air Magic      | 2 |  2.2

Action                   |  1- 3 |  4- 6 |  7- 9 | 10-12 | 13-15 | 16-18 | 19-21 | 22-24 | 25-27 || total
-------------------------+-------+-------+-------+-------+-------+-------+-------+-------+-------++-------
Melee: War axe           |    73 |   165 |   270 |   322 |   131 |       |       |       |       ||   961
       Headbutt          |    11 |    30 |    62 |   164 |   242 |   204 |   256 |   520 |  1113 ||  2602
       Spear             |       |       |    31 |       |       |       |       |       |       ||    31
       Mace              |       |       |    41 |   197 |    19 |       |       |   181 |   181 ||   619
       Flail             |       |       |    16 |       |       |       |       |       |       ||    16
       Hand axe          |       |       |       |     7 |       |       |       |       |       ||     7
       Broad axe         |       |       |       |       |   651 |   726 |   778 |  1117 |  2739 ||  6011
Throw: Tomahawk          |       |       |       |     2 |       |       |       |       |       ||     2
 Cast: Repel Missiles    |       |       |       |       |       |       |       |       |     1 ||     1
Invok: Animate Remains   |       |     6 |     9 |       |       |       |       |       |       ||    15
       Animate Dead      |       |       |    13 |    33 |    82 |    75 |    72 |    38 |     5 ||   318
       Recall Undead Sla |       |       |     7 |     1 |    32 |    44 |    30 |    24 |     6 ||   144
       Drain Life        |       |       |       |     2 |     2 |     9 |     5 |    14 |     1 ||    33
       Enslave Soul      |       |       |       |       |       |       |     1 |       |       ||     1
       Injury Mirror     |       |       |       |       |       |       |     1 |     1 |       ||     2
       Divine Shield     |       |       |       |       |       |       |       |       |     4 ||     4
       Cleansing Flame   |       |       |       |       |       |       |       |       |   124 ||   124
       Summon Divine War |       |       |       |       |       |       |       |       |    19 ||    19
       Brand Weapon With |       |       |       |       |       |       |       |       |     1 ||     1
Evoke: Wand              |       |       |       |     2 |       |     4 |     1 |     5 |     2 ||    14
       Horn of Geryon    |       |       |       |       |       |       |       |     1 |       ||     1
  Use: Scroll            |       |     5 |     6 |    11 |    11 |    18 |    16 |    12 |    19 ||    98
       Potion            |       |       |       |    13 |     4 |     8 |       |    21 |    31 ||    77
 Stab: Distracted        |       |       |     2 |     6 |    16 |    17 |    24 |    60 |    16 ||   141
       Sleeping          |       |       |       |     1 |     6 |     4 |     3 |     2 |       ||    16
       Confused          |       |       |       |       |     2 |       |       |     1 |       ||     3
       Paralysed         |       |       |       |       |       |     4 |     3 |       |       ||     7
  Eat: Chunk             |       |     8 |    20 |    21 |    71 |    63 |    66 |    29 |    20 ||   298
       Beef jerky        |       |       |       |     2 |     4 |     5 |     2 |     2 |       ||    15
       Fruit             |       |       |       |     4 |       |       |       |       |     5 ||     9
       Royal jelly       |       |       |       |       |     1 |     1 |       |       |       ||     2
       Pizza             |       |       |       |       |       |     3 |     3 |     3 |     5 ||    14
       Meat ration       |       |       |       |       |       |       |     1 |     2 |     7 ||    10
Armor: Scale mail        |    36 |    82 |    72 |       |       |       |       |       |       ||   190
       Chain mail        |       |       |    31 |   149 |   175 |   185 |    26 |    40 |       ||   606
       Ring mail         |       |       |       |       |       |       |     3 |       |       ||     3
       Crystal plate arm |       |       |       |       |       |       |     3 |       |       ||     3
       Plate armour      |       |       |       |       |       |       |    50 |   287 |   664 ||  1001
Dodge: Dodged            |    29 |    51 |    63 |    79 |   124 |   142 |   129 |   278 |   498 ||  1393
       Deflected         |       |       |       |       |       |       |       |       |     3 ||     3
Block: Shield            |    37 |     1 |       |       |       |       |       |       |       ||    38
       Large shield      |       |   154 |   304 |   477 |   783 |   871 |   655 |  1618 |  3417 ||  8279
       Reflection        |       |       |       |       |    15 |    33 |    66 |    82 |    44 ||   240
